 Dungeon Sprint DCSS version 0.30-a0-949-g53dc5368d7 (webtiles) character file.

Game seed: 4438315412838490690

2400000 retardedninja the Heretic (level 18, -15/173 HPs)
             Began as a Gnoll Gladiator on Mar 27, 2023.
             Killed by an exploding large bag of meat (20 damage)
             ... ignited by their inner flame
             ... in the Dungeon (Sprint VIII: "Arena of Blood").
             The game lasted 00:01:06 (24 turns).

retardedninja the Heretic (Gnoll Gladiator)           Turns: 24, Time: 00:01:07

Health: -15/173    AC:  8    Str: 23    XL:     18   Next: 62%
Magic:  5/45       EV: 23    Int:  7    God:
Gold:   0          SH:  0    Dex: 13    Spells: 64/64 levels left

rFire   . . .      SeeInvis .    l - +∞ Axe of Woe
rCold   . . .      Faith    .    (shield currently unavailable)
rNeg    . . .      Spirit   .    b - +0 leather armour
rPois   .          Reflect  .    c - +0 helmet
rElec   .          Rampage  .    (no cloak)
rCorr   .          NoTele   +    (no gloves)
Will    +....                    (no boots)
Stlth   ++++++++                 (no amulet)
HPRegen 0.48/turn                (no ring)
MPRegen 0.29/turn                (no ring)

@: no status effects
A: fangs 1, strong nose, distributed training
a: no special abilities


You were in the Dungeon.
You visited 1 branch

Inventory:

Hand Weapons
 a - a +0 war axe
 l - the +∞ Axe of Woe (weapon)
   (You found it in the Dungeon)
Missiles
 d - 3 throwing nets (quivered)
 e - a javelin
Armour
 b - a +0 leather armour (worn)
 c - a +0 helmet (worn)
Scrolls
 k - a scroll of blinking
Potions
 h - a potion of haste
 i - 2 potions of magic
 j - a potion of berserk rage


   Skills:
 + Level 23.8 Fighting
 + Level 23.5 Short Blades
 + Level 23.5 Long Blades
 + Level 24.2 Axes
 + Level 23.5 Maces & Flails
 + Level 23.5 Polearms
 + Level 23.5 Staves
 + Level 23.5 Ranged Weapons
 + Level 23.8 Throwing
 + Level 23.5 Armour
 + Level 24.2 Dodging
 + Level 23.5 Stealth
 + Level 23.5 Shields
 + Level 23.5 Unarmed Combat
 + Level 23.5 Spellcasting
 + Level 20.2 Conjurations
 + Level 20.2 Hexes
 + Level 20.2 Summonings
 + Level 20.2 Necromancy
 + Level 20.2 Translocations
 + Level 20.2 Transmutations
 + Level 20.2 Fire Magic
 + Level 20.2 Ice Magic
 + Level 20.2 Air Magic
 + Level 20.2 Earth Magic
 + Level 20.2 Poison Magic
 + Level 25.3 Invocations
 + Level 23.5 Evocations


You had 64 spell levels left.
You didn't know any spells.
Your spell library was empty.

Dungeon Overview and Level Annotations

Branches:
Dungeon (1/1)

Altars:
Makhleb


Innate Abilities, Weirdness & Mutations

You have very sharp teeth.
Your uncanny sense of smell can sniff out nearby items.
Your experience applies equally to all skills.


Message History

The large bag of meat appears out of thin air!
A large bag of meat comes into view. It is wielding a +9 giant spiked club.
The large bag of meat shouts in stereo!
The destroyer points at you and mumbles some strange words.
The destroyer blinks!
You hear a shout! x2
Your Short Blades skill increases to level 23!
Your Long Blades skill increases to level 23!
Your Axes skill increases to level 24!
Your Maces & Flails skill increases to level 23!
Your Polearms skill increases to level 23!
Your Staves skill increases to level 23!
Your Ranged Weapons skill increases to level 23!
Your Armour skill increases to level 23!
Your Dodging skill increases to level 24!
Your Stealth skill increases to level 23!
Your Shields skill increases to level 23!
Your Unarmed Combat skill increases to level 23!
Your Spellcasting skill increases to level 23!
Your Conjurations skill increases to level 20!
Your Hexes skill increases to level 20!
Your Summonings skill increases to level 20!
Your Necromancy skill increases to level 20!
Your Translocations skill increases to level 20!
Your Transmutations skill increases to level 20!
Your Fire Magic skill increases to level 20!
Your Ice Magic skill increases to level 20!
Your Air Magic skill increases to level 20!
Your Earth Magic skill increases to level 20!
Your Poison Magic skill increases to level 20!
Your Invocations skill increases to level 25!
Your Evocations skill increases to level 23!
Unknown command.
Unknown command.
You slash the large bag of meat!
Flame seeps out of the large bag of meat.
You dissect the large bag of meat like a pig carcass.
The large bag of meat explodes!
The fiery explosion engulfs you!!
You die...

......oo...
......... #....o
.# .. #.... ..#
...###... ..###.
........###......
#......))_).V§...
....o.#.)§§§#.o.
..... #_)@○_#
.... #..)§§# #..
....._O.....
........###...O..
...###... ..###.
. #... ..# #...
..# ..... ..


You could see a destroyer and 2 large bags of meat.

Vanquished Creatures
  A vampire knight (D)
  6 ogres (D)
  A two-headed ogre (D)
  15 orcs (D)
23 creatures vanquished.

Notes
Turn   | Place    | Note
-------+----------+-------------------------------------------
     0 | D        | Found the +∞ Axe of Woe
     0 | D        | retardedninja the Gnoll Gladiator began the quest for the
                  | Orb.
     0 | D        | Reached XP level 1. HP: 20/20 MP: 1/1
     2 | D        | Noticed a bag of meat
     2 | D        | Noticed a bag of meat
     3 | D        | Noticed a bag of meat
     5 | D        | Killed a bag of meat
     5 | D        | Noticed a bag of meat
     5 | D        | Noticed a meat berserker
     5 | D        | Noticed a bag of meat
     6 | D        | Reached skill level 10 in Short Blades
     6 | D        | Reached skill level 10 in Long Blades
     6 | D        | Reached skill level 10 in Maces & Flails
     6 | D        | Reached skill level 10 in Polearms
     6 | D        | Reached skill level 10 in Staves
     6 | D        | Reached skill level 10 in Ranged Weapons
     6 | D        | Reached skill level 10 in Armour
     6 | D        | Reached skill level 10 in Stealth
     6 | D        | Reached skill level 10 in Shields
     6 | D        | Reached skill level 10 in Unarmed Combat
     6 | D        | Reached skill level 10 in Spellcasting
     6 | D        | Reached skill level 11 in Invocations
     6 | D        | Reached skill level 10 in Evocations
     6 | D        | Reached XP level 2. HP: 37/37 MP: 1/13
     6 | D        | Reached XP level 3. HP: 43/43 MP: 1/14
     6 | D        | Reached XP level 4. HP: 50/50 MP: 1/16
     6 | D        | Reached XP level 5. HP: 55/55 MP: 1/17
     6 | D        | Reached XP level 6. HP: 62/62 MP: 1/19
     6 | D        | Reached XP level 7. HP: 68/68 MP: 1/20
     6 | D        | Reached XP level 8. HP: 75/75 MP: 1/22
     6 | D        | Reached XP level 9. HP: 81/81 MP: 1/23
     6 | D        | Reached XP level 10. HP: 87/87 MP: 1/24
     6 | D        | Reached XP level 11. HP: 93/93 MP: 1/25
     6 | D        | Killed a bag of meat
     6 | D        | Noticed a meat berserker
     6 | D        | Noticed a bag of meat
     6 | D        | Noticed a bag of meat
     7 | D        | Reached skill level 12 in Invocations
     7 | D        | Reached XP level 12. HP: 103/103 MP: 1/27
     7 | D        | Noticed a bag of meat
     7 | D        | Noticed a bag of meat
     7 | D        | Noticed a bag of meat
     7 | D        | Noticed a bag of meat
     7 | D        | Noticed a meat berserker
     8 | D        | Noticed a bag of meat
     9 | D        | Killed a meat berserker
    10 | D        | Reached skill level 14 in Invocations
    10 | D        | Reached XP level 13. HP: 44/113 MP: 1/30
    10 | D        | Killed a meat berserker
    10 | D        | Noticed a bag of meat
    10 | D        | Noticed a bag of meat
    11 | D        | Reached skill level 15 in Fighting
    11 | D        | Reached skill level 15 in Throwing
    11 | D        | Reached skill level 16 in Invocations
    11 | D        | Reached XP level 14. HP: 49/123 MP: 2/32
    11 | D        | Noticed a bag of meat
    12 | D        | Killed a bag of meat
    12 | D        | Killed a meat berserker
    13 | D        | Reached skill level 17 in Invocations
    13 | D        | Reached XP level 15. HP: 48/133 MP: 2/35
    16 | D        | Reached skill level 15 in Conjurations
    16 | D        | Reached skill level 15 in Hexes
    16 | D        | Reached skill level 15 in Summonings
    16 | D        | Reached skill level 15 in Necromancy
    16 | D        | Reached skill level 15 in Translocations
    16 | D        | Reached skill level 15 in Transmutations
    16 | D        | Reached skill level 15 in Fire Magic
    16 | D        | Reached skill level 15 in Ice Magic
    16 | D        | Reached skill level 15 in Air Magic
    16 | D        | Reached skill level 15 in Earth Magic
    16 | D        | Reached skill level 15 in Poison Magic
    16 | D        | Reached skill level 19 in Invocations
    17 | D        | Reached skill level 20 in Invocations
    17 | D        | Reached XP level 16. HP: 24/146 MP: 3/38
    17 | D        | Noticed a meat berserker
    18 | D        | Reached skill level 21 in Invocations
    18 | D        | Noticed a meat berserker
    18 | D        | Noticed a meat berserker
    19 | D        | Reached XP level 17. HP: 26/157 MP: 4/41
    19 | D        | Noticed a large bag of meat
    19 | D        | Killed a meat berserker
    20 | D        | Reached skill level 22 in Invocations
    21 | D        | Noticed a large bag of meat
    21 | D        | HP: 4/158 [bag of meat/+9 war axe (16)]
    21 | D        | Noticed a destroyer
    22 | D        | Noticed a destroyer
    22 | D        | Killed a meat berserker
    22 | D        | Killed a destroyer
    23 | D        | Reached skill level 24 in Invocations
    23 | D        | Reached XP level 18. HP: 5/171 MP: 5/44
    23 | D        | Killed a meat berserker
    23 | D        | Noticed a large bag of meat
    24 | D        | Reached skill level 25 in Invocations
    24 | D        | Killed a large bag of meat
    24 | D        | Killed by an exploding large bag of meat... ignited by
                  | their inner flame

Illustrated notes

Levels and vault maps discovered:
D:        meatsprint

Skill      XL: |  1  2  3  4  5  6  7  8  9 10 11 12 13 14 15 16 17 18 |
---------------+-------------------------------------------------------+-----
Fighting       | 11 12 14 15 16 19 20 23 | 23.8
Short Blades   | 10 11 13 14 16 18 20 22 23 | 23.5
Long Blades    | 10 11 13 14 16 18 20 22 23 | 23.5
Axes           | 11 13 14 16 17 19 21 23 24 | 24.2
Maces & Flails | 10 11 13 14 16 18 20 22 23 | 23.5
Polearms       | 10 11 13 14 16 18 20 22 23 | 23.5
Staves         | 10 11 13 14 16 18 20 22 23 | 23.5
Ranged Weapons | 10 11 13 14 16 18 20 22 23 | 23.5
Throwing       | 11 12 14 15 16 19 20 23 | 23.8
Armour         | 10 11 13 14 16 18 20 22 23 | 23.5
Dodging        | 11 13 14 16 17 19 21 23 24 | 24.2
Stealth        | 10 11 13 14 16 18 20 22 23 | 23.5
Shields        | 10 11 13 14 16 18 20 22 23 | 23.5
Unarmed Combat | 10 11 13 14 16 18 20 22 23 | 23.5
Spellcasting   | 10 11 13 14 16 18 20 22 23 | 23.5
Conjurations   | 8 9 11 12 13 16 17 19 20 | 20.2
Hexes          | 8 9 11 12 13 16 17 19 20 | 20.2
Summonings     | 8 9 11 12 13 16 17 19 20 | 20.2
Necromancy     | 8 9 11 12 13 16 17 19 20 | 20.2
Translocations | 8 9 11 12 13 16 17 19 20 | 20.2
Transmutations | 8 9 11 12 13 16 17 19 20 | 20.2
Fire Magic     | 8 9 11 12 13 16 17 19 20 | 20.2
Ice Magic      | 8 9 11 12 13 16 17 19 20 | 20.2
Air Magic      | 8 9 11 12 13 16 17 19 20 | 20.2
Earth Magic    | 8 9 11 12 13 16 17 19 20 | 20.2
Poison Magic   | 8 9 11 12 13 16 17 19 20 | 20.2
Invocations    | 11 12 14 16 17 20 21 24 25 | 25.3
Evocations     | 10 11 13 14 16 18 20 22 23 | 23.5

Action                     |  1- 3 |  4- 6 |  7- 9 | 10-12 | 13-15 | 16-18 || total
---------------------------+-------+-------+-------+-------+-------+-------++-------
  Melee: Executioner's axe |     1 |       |       |     2 |     4 |     6 ||    13
    Use: Potion            |       |       |       |       |     1 |     1 ||     2
  Dodge: Dodged            |       |       |       |       |     1 |       ||     1

Table legend: (Time is in decaauts)
 A = Elapsed time spent in this place.
 B = Non-inter-level travel time spent in this place.
 C = Inter-level travel time spent in this place.
 D = Time resting spent in this place.
 E = Time spent auto-exploring this place.
 F = Levels seen in this place.
 G = Mean time per level.
                   A        B        C        D        E       F      G
               +--------+--------+--------+--------+--------+-----+--------+
         Total |     23 |     23 |      0 |      0 |      0 |   1 |   23.0 |
       Dungeon |     23 |     23 |      0 |      0 |      0 |   1 |   23.0 |
               +--------+--------+--------+--------+--------+-----+--------+

Top non-repeatable levels by time:
       D: 23 daAuts
